cohdb
Replays
Latest Replays
All Replays
Popular Replays
Top Player Replays
Match Explorer
How It Works
Community
CoH3 Stats
Reddit
Sign in to upload your games and track your stats! →
Sign in with Steam
Match 43695272
Unlisted
Match 43695272
Overview
Messages
Build Orders
End
Selects Special Operations Battlegroup
Selects M29 Weasel Recon Vehicle
M29 Weasel Recon Vehicle
Construct Barracks
Riflemen Squad
Riflemen Squad
Riflemen Squad
Mechanized Support Center
M1918 Browning Automatic Rifles
Grenade Package
Engineer Squad
Selects Raiding Flares
Selects SSF Commando Squad
Construct Tank Depot
M4A1 Sherman Medium Tank
SSF Commando Squad
Bran
DrewP
Dillbro
Hotdog Supreme
Velmarg
Đại tá Nam
0
0
Comments
sign in to comment!
No comments posted yet!